 Dungeon Crawl Stone Soup version 0.31.0-32-g396128a36d (webtiles) character file.

Game seed: 17682584402741485634

2050 ChadusMaximus the Summoner (level 9, -9/63 HPs)
             Began as a Barachi Summoner on Mar 8, 2024.
             Was a Believer of Hepliaklqana.
             Mangled by a yak (16 damage)
             ... on level 8 of the Dungeon.
             The game lasted 00:09:14 (8481 turns).

ChadusMaximus the Summoner (Barachi Summoner)       Turns: 8481, Time: 00:09:16

Health: -9/63      AC:  3    Str: 17    XL:     9   Next: 25%
Magic:  6/18       EV: 12    Int: 25    God:    Hepliaklqana [**....]
Gold:   441        SH:  0    Dex: 12    Spells: 10/20 levels left

rFire   . . .        y - +0 orcbow
rCold   . . .        (shield currently unavailable)
rNeg    . . .        a - +0 robe
rPois   .            r - +0 helmet
rElec   .            (no cloak)
rCorr   .            (no gloves)
SInv    .            (no boots)
Will    .....        (no amulet)
Stlth   ++           j - +6 ring of strength
HPRegen 0.30/turn    v - +6 ring of intelligence
MPRegen 0.16/turn

%: no passive effects
@: unable to hop, unable to call your familiar, slow
A: reduced essence, amphibious, slowness 1, strong legs 1, +LOS
a: Hop, Renounce Religion, Recall Ancestor, Ancestor Identity


You were on level 8 of the Dungeon.
You worshipped Hepliaklqana.
Hepliaklqana was pleased with you.
You visited 2 branches of the dungeon, and saw 9 of its levels.

You collected 441 gold pieces.

Inventory:

Hand Weapons
 d - a +0 dagger
 y - a +0 orcbow (weapon)
Armour
 a - a +0 robe (worn)
 r - a +0 helmet (worn)
 A - a +0 buckler
Jewellery
 j - a +6 ring of strength (left hand)
 v - a +6 ring of intelligence (right hand)
 z - an amulet of guardian spirit
 B - the ring "Pomiluf" {Fire Dex+2}
   (You found it on level 7 of the Dungeon)

   [ring of fire]

   Fire:      It enhances your fire magic.
   Dex+2:     It affects your dexterity (+2).
   rF+:       It protects you from fire.
   rC-:       It makes you vulnerable to cold.
Scrolls
 c - 2 scrolls of enchant armour
 e - a scroll of immolation
 f - a scroll of torment
 g - a scroll of fear {unknown}
 k - 5 scrolls of identify
 m - 3 scrolls of teleportation {unknown}
 o - a scroll of revelation {unknown}
 q - a scroll of noise {unknown}
 x - a scroll of enchant weapon {unknown}
 C - a scroll of blinking {unknown}
 D - a scroll of brand weapon {unknown}
Potions
 b - a potion of magic
 h - 2 potions of heal wounds {unknown}
 i - a potion of resistance {unknown}
 l - 2 potions of brilliance {unknown}
 n - 4 potions of lignification {unknown}
 p - a potion of attraction {unknown}
 s - a potion of might {unknown}
 t - a potion of berserk rage {unknown}
 u - 2 potions of invisibility {unknown}
 w - 4 potions of curing {unknown}


   Skills:
 + Level 6.9 Fighting
 - Level 2.1 Dodging
 - Level 1.7 Stealth
 + Level 6.3 Spellcasting
 * Level 11.1 Summonings


You had 10 spell levels left.
You knew the following spells:

 Your Spells              Type           Power      Damage    Failure   Level
a - Summon Small Mammal   Summ           100%       N/A       1%          1
b - Call Canine Familiar  Summ           59%        N/A       1%          3
c - Call Imp              Summ           100%       N/A       1%          2
d - Summon Lightning Spi  Summ/Air       35%        N/A       8%          4

Your spell library contained the following spells:

 Spells                   Type           Power      Damage    Failure   Level
 Summon Blazeheart Golem  Fire/Summ      35%        N/A       8%          4
 Ensorcelled Hibernation  Hex/Ice        14%        N/A       11%         2
 Summon Forest            Summ/Tloc      17%        N/A       21%         5
 Fugue of the Fallen      Necr           7%         N/A       22%         3
 Gell's Gravitas          Tloc           7%         N/A       22%         3
 Teleport Other           Tloc           7%         N/A       22%         3
 Summon Hydra             Summ           29%        N/A       54%         7
 Anguish                  Hex/Necr       3%         N/A       58%         4
 Olgreb's Toxic Radiance  Alch           7%         N/A       58%         4
 Dispersal                Tloc           3%         N/A       100%        6
 Eringya's Noxious Bog    Alch           3%         4d6       100%        6
 Ozocubu's Refrigeration  Ice            3%         4d8       100%        7
 Discord                  Hex            3%         N/A       100%        8


Dungeon Overview and Level Annotations

Branches:
Dungeon (8/15)             Temple (1/1) D:5
   Lair: D:8-11

Altars:
Ashenzari
Cheibriados
Dithmenos
Elyvilon
Gozag
Hepliaklqana
Makhleb
Nemelex Xobeh
Okawaru
Qazlal
Ru
Sif Muna
Trog
Uskayaw
Vehumet
Wu Jian
Xom
Yredelemnul
Zin
The Shining One

Shops:
D:8 [

Annotations:
D:6 3 runed translucent doors, cowsaismoo's ghost, novice TrEE


Innate Abilities, Weirdness & Mutations

Your life essence is reduced to manifest your ancestor. (-10% HP)
You are amphibious.
You cover ground slowly.
You can hop short distances.
You have an extended range of vision and can be seen from far away.


Message History

The wolf attacks as it pursues you! The wolf closely misses you.
A yak comes into view.
The ice beast hits your lightning spire but does no damage.
The wolf barely misses you.
Casting: Call Imp (safe; 1% risk of failure)
Confirm with . or Enter, or press ? or * to list all spells.
The wolf bites you!
Your cerulean imp hits the orc warrior but does no damage.
Something bites your lightning spire but does no damage.
The orc warrior hits your cerulean imp with a +0 long sword!
Your cerulean imp dies!
Your cerulean imp disappears in a puff of smoke!
A yak comes into view.
The ice beast hits your lightning spire but does no damage.
The wolf misses you.
You swap places.
Found Kaophes's Antique Armour Emporium.
The wolf closely misses your quokka.
Your lightning spire shoots out a bolt of lightning at the ice beast!
The bolt of electricity hits the ice beast!
The ice beast hits your lightning spire but does no damage.
Your quokka closely misses the wolf.
The wolf barely misses your quokka. The wolf barely misses your quokka.
Your quokka misses the wolf. The wolf bites your quokka.
Your quokka dies!
Your quokka's corpse disappears in a puff of smoke!
As you read the scroll labelled SUUTAIRGHEU, it crumbles to dust.
It is a scroll of identify.
c - 2 scrolls of enchant armour The yak gores you!
* * * LOW HITPOINT WARNING * * *
Unknown command.
As you read the scroll labelled CEBBE KAM XOLY, it crumbles to dust.
Your body is wracked with pain!
* * * LOW HITPOINT WARNING * * *
The yak convulses! x3; The wolf convulses! x2; The orc warrior convulses!
It was a scroll of torment.
A yak comes into view.
The yak gores you!
You die...

##.......# #.........
## #............
.####...........
####### .Y............
#⌠.....##o...........#
#..≈≈≈...h##.........#
#.≈≈≈≈≈YYY§ho........#
#∩≈≈≈≈≈.@###.8.......#
#.≈≈≈≈≈..#
#..Y......##.#
#..≈≈≈..##
#....R........
#⌠.....#
##.......###.. #######
##..h.Y.# #####....!..
..).R.... #...z.hc..
..o...~.#..


You could see 4 yaks, an orc warrior, 2 wolves and an orc.

Vanquished Creatures
  A hound (D:6)
  A jelly (D:7)
  A gnoll (D:3)
  2 shadow imps
  An ufetubus (D:6)
  A dart slug (D:3)
  4 orcs
  5 ball pythons
  3 endoplasms
  2 giant cockroaches
  4 goblins
  2 hobgoblins
  A quokka (D:4)
  A frilled lizard (D:3)
  3 kobolds
  2 rats
34 creatures vanquished.

Vanquished Creatures (collateral kills)
  Grinder (D:4)
  A water moccasin (D:7)
  An orc warrior (D:6)
  A sky beast (D:7)
  4 ice beasts
  A centaur (D:6)
  A wolf (D:8)
  2 phantoms
  A gnoll sergeant (D:7)
  A scorpion (D:4)
  A howler monkey (D:8)
  A bombardier beetle (D:5)
  A jelly (D:3)
  An orc priest (D:6)
  A sleepcap (D:7)
  5 iguanas
  5 orc wizards
  8 gnolls
  7 adders
  A shadow imp (D:7)
  3 white imps
  5 ufetubi
  A dart slug (D:1)
  11 orcs
  2 ball pythons
  An endoplasm (D:1)
  2 goblins
  2 hobgoblins
  4 quokkas
  A bat (D:3)
77 creatures vanquished.

Vanquished Creatures (others)
  2 ancestors
2 creatures vanquished.

Grand Total: 113 creatures vanquished

Notes
Turn   | Place    | Note
-------+----------+-------------------------------------------
     0 | D:1      | ChadusMaximus the Barachi Summoner began the quest for the
                  | Orb.
     0 | D:1      | Reached XP level 1. HP: 13/13 MP: 3/3
    85 | D:1      | Found a faded altar of an unknown god.
   122 | D:1      | Reached skill level 5 in Summonings
   295 | D:1      | Reached XP level 2. HP: 20/20 MP: 1/5
   777 | D:1      | Reached skill level 1 in Fighting
  1027 | D:2      | Reached XP level 3. HP: 18/26 MP: 4/6
  1031 | D:2      | Learned a level 3 spell: Call Canine Familiar
  1034 | D:2      | Learned a level 2 spell: Call Imp
  2247 | D:3      | Reached XP level 4. HP: 28/33 MP: 3/8
  2251 | D:3      | Reached skill level 6 in Summonings
  2604 | D:3      | HP: 1/33 [acid (12)]
  2608 | D:3      | Reached XP level 5. HP: 2/39 MP: 3/9
  3248 | D:4      | You fall into a shaft and drop 2 floors!
  3248 | D:6      | Found a sparkling altar of Nemelex Xobeh.
  3268 | D:5      | Entered Level 5 of the Dungeon
  3402 | D:5      | Reached XP level 6. HP: 29/47 MP: 4/11
  3668 | D:5      | Found a snail-covered altar of Cheibriados.
  3681 | D:5      | Reached skill level 7 in Summonings
  4081 | D:5      | Noticed an ice beast
  4094 | D:5      | Killed an ice beast
  4217 | D:5      | Found a staircase to the Ecumenical Temple.
  4421 | D:5      | Reached XP level 7. HP: 39/53 MP: 7/13
  4431 | Temple   | Entered the Ecumenical Temple
  4483 | Temple   | Became a worshipper of Hepliaklqana the Forgotten
  4868 | D:5      | Found a shimmering blue altar of Sif Muna.
  5181 | D:4      | Learned a level 4 spell: Summon Lightning Spire
  5261 | D:4      | Noticed Grinder
  5277 | D:4      | Killed Grinder
  5278 | D:4      | Reached skill level 8 in Summonings
  5370 | D:4      | Found a burning altar of Makhleb.
  6543 | D:6      | Reached * piety under Hepliaklqana
  6792 | D:6      | Reached skill level 5 in Fighting
  6792 | D:6      | Reached skill level 9 in Summonings
  6792 | D:6      | Reached XP level 8. HP: 55/55 MP: 10/15
  6872 | D:6      | Reached skill level 5 in Spellcasting
  6914 | D:6      | Found a runed translucent gate.
  6914 | D:6      | Found a runed translucent gate.
  6914 | D:6      | Found a runed translucent gate.
  6914 | D:6      | Noticed a kobold demonologist
  6915 | D:6      | Noticed cowsaismoo's ghost (novice TrEE)
  7080 | D:6      | Found a hide-covered altar of Uskayaw.
  7801 | D:7      | Identified the ring "Pomiluf" {Fire Dex+2}
  7808 | D:7      | Found a glowing silver altar of Zin.
  7931 | D:7      | Reached ** piety under Hepliaklqana
  7932 | D:7      | Remembered your ancestor Takurtum as a knight
  7984 | D:7      | Reached skill level 10 in Summonings
  8394 | D:8      | Reached XP level 9. HP: 63/63 MP: 12/18
  8441 | D:8      | Reached skill level 11 in Summonings
  8461 | D:8      | Noticed a rime drake
  8463 | D:8      | Noticed a polar bear
  8478 | D:8      | Found Kaophes's Antique Armour Emporium.
  8481 | D:8      | Mangled by a yak

Illustrated notes

Levels and vault maps discovered:
D:1:      minmay_arrival_wavy_path, layout_basic,
          hellmonk_ecumenical_altar_blasted
D:2:      layout_loops_ring, nicolae_figureground_sparkle
D:3:      layout_rooms, grunt_decor_clamped
D:4:      cheibrodos_old_hovel, layout_loops_ring, amcnicky_altar_gilded,
          uniq_grinder
D:5:      layout_layer_cave, slow_altar_1, nicolae_sif_muna_little_library,
          minmay_temple_entry_statues_fountains
D:6:      layout_basic, mainiacjoe_overflow_tiny_flanked,
          nemelex_xobeh_ov_fountains_minmay, gammafunk_ghost_nasty_kobolds
D:7:      layout_rooms, zin_academy, hangedman_glass_teeth,
          hangedman_abyss_or_decor_passed
D:8:      layout_rooms, hellmonk_lair_entry_icy, serial_shops,
          nicolae_lakefront_shop
Temple:   minmay_temple_curvy_branch

Skill      XL: |  1  2  3  4  5  6  7  8  9 |
---------------+----------------------------+-----
Summonings     | 5 6 7 9 10 11 | 11.1
Fighting       | 1 2 3 5 6 |  6.9
Spellcasting   | 3 4 6 |  6.3
Dodging        | |  2.1
Stealth        | |  1.7

Action                     |  1- 3 |  4- 6 |  7- 9 || total
---------------------------+-------+-------+-------++-------
  Melee: Unarmed           |     6 |       |       ||     6
         Dagger            |    57 |    50 |    57 ||   164
         Punch             |       |       |     2 ||     2
   Fire: Orcbow            |       |       |    55 ||    55
   Cast: Summon Small Mamm |    13 |    16 |    14 ||    43
         Call Canine Famil |     6 |    11 |    22 ||    39
         Call Imp          |     4 |    12 |    24 ||    40
         Summon Lightning  |       |       |     4 ||     4
 Invoke: Ancestor Life: Kn |       |       |     1 ||     1
Ability: Hop               |     1 |     1 |     2 ||     4
    Use: Scroll            |       |       |     2 ||     2
   Stab: Sleeping          |     3 |     3 |     2 ||     8
 Armour: Robe              |    49 |    56 |    96 ||   201
  Dodge: Dodged            |    47 |    41 |    77 ||   165
